 Dungeon Sprint DCSS version 0.30-a0-1160-g6e42c06551 (webtiles) character file.

Game seed: 16615844769088209800

9 sircluck the Chopper (level 2, -1/28 HPs)
             Began as a Hill Orc Berserker on Apr 25, 2023.
             Was a Believer of Trog.
             Slain by a scorpion (6 damage)
             ... in the Dungeon (Sprint VII: "The Pits").
             The game lasted 00:00:27 (111 turns).

sircluck the Chopper (Hill Orc Berserker)            Turns: 111, Time: 00:00:27

Health: -1/28      AC:  2    Str: 19    XL:     2   Next: 16%
Magic:  2/2        EV: 12    Int:  7    God:    Trog [**....]
Gold:   0          SH:  0    Dex: 10    Spells: 1/1 levels left

rFire   . . .        l - +2 hand axe
rCold   . . .        (no shield)
rNeg    . . .        b - +0 animal skin
rPois   .            (no helmet)
rElec   .            (no cloak)
rCorr   .            (no gloves)
SInv    .            (no boots)
Will    .....        (no amulet)
Stlth   +            (no ring)
HPRegen 0.24/turn    (no ring)
MPRegen 0.08/turn

%: no teleportation
@: lethally poisoned (-1 -> -10)
A: no striking features
a: Renounce Religion, Berserk, Trog's Hand


You were in the Dungeon.
You worshipped Trog.
Trog was pleased with you.
You visited 1 branch

Inventory:

Hand Weapons
 a - a +0 hand axe
 l - a +2 hand axe (weapon)
Missiles
 k - 13 stones (quivered)
Armour
 b - a +0 animal skin (worn)
Scrolls
 h - a scroll of blinking
 j - a scroll of summoning
Potions
 c - a potion of curing
 d - a potion of heal wounds
 e - a potion of haste
 f - 4 potions of magic
 g - 3 potions of berserk rage
 i - 2 potions of invisibility


   Skills:
 + Level 4.8 Fighting
 + Level 5.3 Axes
 + Level 2.5 Armour
 + Level 1.9 Dodging


You had one spell level left.
You didn't know any spells.
Your spell library was empty.

Dungeon Overview and Level Annotations

Branches:
Dungeon (1/1)

Altars:


Message History

You are too injured to fight recklessly!
You are too injured to fight recklessly!
You are too injured to fight recklessly!
You are too injured to fight recklessly!
You are too injured to fight recklessly!
You are too injured to fight recklessly!
You are too injured to fight recklessly!
You are too injured to fight recklessly!
You slash the ufetubus!
You kill the ufetubus!
Trog accepts your kill.
Your Axes skill increases to level 5!
You have reached level 2!
You hit the scorpion.
The scorpion is moderately wounded.
The scorpion closely misses you.
You completely miss the scorpion.
The scorpion is moderately wounded.
The scorpion closely misses you. x2
You hit the scorpion.
The scorpion is heavily wounded.
The scorpion barely misses you.
You barely miss the scorpion.
The scorpion is heavily wounded.
The scorpion closely misses you.
You hit the scorpion.
The scorpion is almost dead.
The scorpion misses you.
You barely miss the scorpion.
The scorpion is almost dead.
The scorpion stings you.
You are lethally poisoned!
The scorpion poisons you! The scorpion stings you.
* * * LOW HITPOINT WARNING * * *
You hit the scorpion but do no damage.
The scorpion is severely wounded.
* * * LOW HITPOINT WARNING * * *
You feel very sick. The scorpion stings you.
You die...

##########+
##########+##..........
#.?..')))'.##......#..#
##########.##..........
#...........'..........
#+#####'#####......#..#
#..#.)# #..........
#..s@.# ####'#####+
#..#### #.......##+ #.
#.......##. #
#.......##. #...<...###
#.......# #.......#
#.......# #########


You could see a scorpion.

Vanquished Creatures
  An ufetubus (D)
  An endoplasm (D)
  A hobgoblin (D)
  A frilled lizard (D)
  A kobold (D)
5 creatures vanquished.

Notes
Turn   | Place    | Note
-------+----------+-------------------------------------------
     0 | D        | sircluck the Hill Orc Berserker began the quest for the
                  | Orb.
     0 | D        | Reached XP level 1. HP: 19/19 MP: 1/1
    74 | D        | Reached ** piety under Trog
    95 | D        | Noticed a scorpion
   105 | D        | Reached skill level 5 in Axes
   105 | D        | Reached XP level 2. HP: 9/28 MP: 2/2
   111 | D        | Slain by a scorpion

Illustrated notes

Levels and vault maps discovered:
D:        pitsprint [storerooms_1, entrance_room_1, metal_vault_5, armoury_1,
          mini_pit_1, grid_room_1, main_hall_1, silver_pit, the_coven_2,
          the_vestibule_1, steel_vault_5, golden_pit, hallway_of_sentries,
          crystal_vault_2, iron_vault_2, final_vault]

Skill      XL: |  1 |
---------------+----+-----
Fighting       | 4 |  4.8
Axes           | 5 |  5.3
Armour         | |  2.5
Dodging        | |  1.9

Action                     || total
---------------------------++-------
  Melee: Hand axe          ||    25
 Armour: Animal skin       ||     3
  Dodge: Dodged            ||    26

Table legend: (Time is in decaauts)
 A = Elapsed time spent in this place.
 B = Non-inter-level travel time spent in this place.
 C = Inter-level travel time spent in this place.
 D = Time resting spent in this place.
 E = Time spent auto-exploring this place.
 F = Levels seen in this place.
 G = Mean time per level.
                   A        B        C        D        E       F      G
               +--------+--------+--------+--------+--------+-----+--------+
         Total |    111 |    111 |      0 |      0 |     31 |   1 |  111.0 |
       Dungeon |    111 |    111 |      0 |      0 |     31 |   1 |  111.0 |
               +--------+--------+--------+--------+--------+-----+--------+

Top non-repeatable levels by time:
       D: 111 daAuts
